 Dungeon Crawl Stone Soup version 0.24-a0-7-g1bb0902 (webtiles) character file.

Game seed: 10784149847879226399

72 Lavandula the Vandal (level 4, -1/27 HPs)
             Began as a Halfling Arcane Marksman on Jan 30, 2019.
             Slain by a jackal (2 damage)
             ... on level 3 of the Dungeon.
             The game lasted 00:02:38 (484 turns).

Lavandula the Vandal (Halfling Arcane Marksman)      Turns: 484, Time: 00:02:39

Health: -1/27      AC:  2    Str: 11    XL:     4   Next: 50%
Magic:  5/5        EV: 15    Int: 11    God:
Gold:   46         SH:  0    Dex: 15    Spells: 4/5 levels left

rFire    . . .     SeeInvis .   a - +0 hunting sling
rCold    . . .     Gourm    .   (shield restricted)
rNeg     . . .     Faith    .   e - +0 robe
rPois    .         Spirit   .   (no helmet)
rElec    .         Reflect  .   (no cloak)
rCorr    .         Harm     .   (no gloves)
MR       .....                  (no boots)
Stlth    +.........             (no amulet)
HPRegen  0.09/turn              (no ring)
MPRegen  0.09/turn              (no ring)

@: lethally poisoned (-1 -> -3), hasted, very quick
A: small, mutation resistance 1
a: no special abilities


You were on level 3 of the Dungeon.
You were not hungry.

You visited 1 branch of the dungeon, and saw 3 of its levels.

You collected 46 gold pieces.

Inventory:

Hand Weapons
 a - a +0 hunting sling (weapon)
Missiles
 d - 16 sling bullets (quivered)
Armour
 e - a +0 robe (worn)
Scrolls
 b - a scroll of blinking {unknown}
 c - a scroll of noise {unknown}
 g - a scroll of identify {unknown}
 h - 2 scrolls of remove curse {unknown}
Potions
 i - a potion of haste
Comestibles
 f - 4 rations


   Skills:
 - Level 0.8 Fighting
 + Level 6.4 Slings
 - Level 2.1 Dodging
 - Level 1.0 Spellcasting
 - Level 2.4 Hexes


You had 4 spell levels left.
You knew the following spells:

 Your Spells              Type           Power        Failure   Level  Hunger
a - Corona                Hex            #......      12%         1    ##.....

Your spell library contained the following spells:

 Spells                   Type           Power        Failure   Level  Hunger
 Slow                     Hex            #.......     19%         2    ###....
 Inner Flame              Hex/Fire       #.......     52%         3    ####...
 Portal Projectile        Hex/Tloc       #.....       52%         3    ####...
 Cause Fear               Hex            #.........   77%         4    #####..
 Leda's Liquefaction      Hex/Erth       #.........   89%         4    #####..


Dungeon Overview and Level Annotations

Branches:
Dungeon (3/15)

Altars:
Hepliaklqana
Okawaru
Vehumet

Annotations:
D:2 2 transporters


Innate Abilities, Weirdness & Mutations

You are small and have problems with some larger weapons.
You are somewhat resistant to further mutation.


Message History

Aim: an adder (almost dead)
You shoot a sling bullet. The sling bullet hits the adder.
You kill the adder!
There is a lethal amount of poison in your body!
There is a lethal amount of poison in your body!
Things that are here:
9 sling bullets; an adder corpse
d - 14 sling bullets (gained 9)
Things that are here:
a sling bullet; a jackal corpse
d - 15 sling bullets (gained 1)
* * * LOW HITPOINT WARNING * * *
You feel sick.
You see here a jackal corpse.
A jackal comes into view.
The jackal barks!
You see here a sling bullet.
d - 16 sling bullets (gained 1)
The jackal bites you.
You die...

##############
#.........##..
#.........##..
#...........).
#.........##..
#####.####........
#.†††.# #.#####..
#@##### #.# #..
#...h......#.# #..
#....%.h....
####..
#............
.......
#..#..........
≈≈≈.≈≈≈
...............
≈≈≈≈.≈≈≈
[.......<...(..
≈≈≈≈.≈≈≈
...............
≈≈≈≈.≈≈≈ ≈≈≈≈....


You could see 2 jackals.

Vanquished Creatures
  A crimson imp (D:3)
  2 adders
  2 dart slugs (D:2)
  An orc (D:3)
  A goblin (D:1)
  5 jackals
  A ball python (D:3)
  2 bats (D:1)
  A kobold (D:2)
16 creatures vanquished.

Notes
Turn   | Place    | Note
-------+----------+-------------------------------------------
     0 | D:1      | Lavandula the Halfling Arcane Marksman began the quest for
                  | the Orb.
     0 | D:1      | Reached XP level 1. HP: 12/12 MP: 2/2
   205 | D:2      | Reached skill level 4 in Slings
   205 | D:2      | Reached XP level 2. HP: 15/18 MP: 3/3
   215 | D:2      | Noticed a bullfrog
   217 | D:2      | Noticed an ogre
   218 | D:2      | Noticed a crimson imp
   219 | D:2      | Found a hazy altar of Hepliaklqana.
   219 | D:2      | Found a transporter.
   220 | D:2      | Found a radiant altar of Vehumet.
   230 | D:2      | Found a transporter.
   251 | D:2      | Found an iron altar of Okawaru.
   389 | D:3      | Reached XP level 3. HP: 22/22 MP: 4/4
   420 | D:3      | Reached skill level 5 in Slings
   432 | D:3      | Reached skill level 6 in Slings
   432 | D:3      | Reached XP level 4. HP: 15/27 MP: 5/5
   481 | D:3      | HP: 1/27 [poisoned by an adder]
   484 | D:3      | Slain by a jackal

Vault maps used:
D:1:      wander_arrival_peaceful_grave, minmay_misc_feat_x
D:2:      nicolae_overflow_crystal_walls, gammafunk_temple_overflow_arena
D:3:      old_standard_altar, minivault_14, nemelex_diamond_rough_becter

Skill      XL: |  1  2  3 |
---------------+----------+-----
Slings         | 4 6 |  6.4
Fighting       | |  0.8
Dodging        | |  2.1
Spellcasting   | |  1.0
Hexes          | |  2.4

Action                   |  1- 3 |  4- 6 || total
-------------------------+-------+-------++-------
 Fire: Hunting sling     |    46 |    19 ||    65
 Cast: Corona            |     1 |       ||     1
  Use: Potion            |       |     1 ||     1
Armor: Robe              |     4 |     1 ||     5
Dodge: Dodged            |    21 |    11 ||    32

Table legend:
 A = Non-vault XP
 B = Vault XP
 C = Vault XP percentage of total XP
 D = Non-vault monster count
 E = Vault monster count
 F = Vault count percentage of total count
                 A         B        C        D         E       F
            +---------+---------+-------+---------+---------+-------
      Total |     104 |       0 |   0.0 |      16 |       0 |   0.0
            +---------+---------+-------+---------+---------+-------
        D:1 |       4 |       0 |   0.0 |       3 |       0 |   0.0
        D:2 |      24 |       0 |   0.0 |       5 |       0 |   0.0
        D:3 |      76 |       0 |   0.0 |       8 |       0 |   0.0
            +---------+---------+-------+---------+---------+-------
